[Event "Frauenbundesliga 2024-25"]
[Site "Germany"]
[Date "2025.02.16"]
[Round "6.1"]
[White "Wagner, Dinara"]
[Black "Peglau, Charis"]
[Result "1-0"]
[Annotator "ChessBase"]
[ECO "E34"]
[WhiteElo "2435"]
[BlackElo "2203"]
[PlyCount "117"]
[EventDate "2024.11.06"]
[EventType "team-tourn"]
[EventCountry "GER"]
[SourceTitle "playchess.com"]
[Source "ChessBase"]
[SourceQuality "1"]
[TimeControl "40/5400+30:1800+30"]

1. d4 d5 2. c4 e6 3. Nf3 Nf6 4. Nc3 Bb4 5. e3 O-O 6. Qc2 b6 7. cxd5 exd5 8. Bd2 c5 9. dxc5 bxc5 10. a3 Ba5 11. Bd3 Bb7 12. Ne2 Bxd2+ 13. Nxd2 Nbd7 14. O-O Ne5 15. Rfd1 Nxd3 16. Qxd3 Qb6 17. Nf4 Rfd8 18. Nf3 Ne4 19. Nd2 Nf6 20. Rac1 Rac8 21. Qc2 Qd6 22. Nb3 c4 23. Nd4 Ne4 24. Nb5 Qc6 25. Nxa7 Qc5 26. Nxc8 Rxc8 27. Ne2 Rc6 28. Nc3 Nf6 29. Rd4 Re6 30. Rcd1 g6 31. h3 Kg7 32. Qe2 Re8 33. Qf3 Re5 34. Qg3 Re8 35. Rh4 h5 36. Qf4 Qb6 37. Qd4 Qe6 38. Rf4 g5 39. Rf3 Kg6 40. h4 g4 41. Rxf6+ Qxf6 42. Qxf6+ Kxf6 43. Nxd5+ Bxd5 44. Rxd5 Rb8 45. Rc5 Rxb2 46. Rxc4 Ra2 47. a4 Kg6 48. Rf4 f6 49. Kh2 Kg7 50. Kg3 Ra3 51. Rf5 Kg6 52. Ra5 Kh6 53. Ra8 Kg6 54. a5 Kg7 55. a6 Ra4 56. f3 f5 57. a7 Kh7 58. e4 fxe4 59. fxe4 1-0

[Event "Frauenbundesliga 2024-25"]
[Site "Germany"]
[Date "2025.02.16"]
[Round "6.1"]
[White "Klek, Hanna Marie"]
[Black "Tsolakidou, Stavroula"]
[Result "0-1"]
[Annotator "ChessBase"]
[ECO "C24"]
[WhiteElo "2289"]
[BlackElo "2447"]
[PlyCount "88"]
[EventDate "2024.11.06"]
[EventType "team-tourn"]
[EventCountry "GER"]
[SourceTitle "playchess.com"]
[Source "ChessBase"]
[SourceQuality "1"]
[TimeControl "40/5400+30:1800+30"]

1. e4 e5 2. Nf3 Nc6 3. Bc4 Nf6 4. d3 d5 5. exd5 Nxd5 6. O-O Be7 7. Re1 f6 8. d4 Nb6 9. Bb5 O-O 10. dxe5 Qxd1 11. Rxd1 Bg4 12. exf6 Bxf6 13. Nc3 Bxf3 14. gxf3 Nd4 15. Bd3 Nxf3+ 16. Kg2 Ne5 17. Be4 c6 18. a4 a5 19. Ne2 Rae8 20. Ng3 Nec4 21. c3 Be5 22. Bd3 Bc7 23. b3 Ne5 24. Ba3 Rf7 25. c4 Nbd7 26. Be2 Ng6 27. Ra2 Nf4+ 28. Kf1 Bb6 29. Bg4 Ne5 30. Bf5 g6 31. c5 Bc7 32. Be4 Ng4 33. Rdd2 Nxh2+ 34. Kg1 Ng4 35. f3 Ne3 36. Kf2 Ned5 37. Bb2 Nh3+ 38. Kg2 Ndf4+ 39. Kh1 Ne6 40. Rg2 Nxc5 41. Bd4 Nxb3 42. Be3 Bf4 43. Bb6 Rd7 44. Rab2 Nd2 0-1

[Event "Frauenbundesliga 2024-25"]
[Site "Germany"]
[Date "2025.02.16"]
[Round "6.2"]
[White "Sliwicka, Alicja"]
[Black "Doluhanova, Evgeniya"]
[Result "1/2-1/2"]
[Annotator "ChessBase"]
[ECO "C50"]
[WhiteElo "2352"]
[BlackElo "2272"]
[PlyCount "83"]
[EventDate "2024.11.06"]
[EventType "team-tourn"]
[EventCountry "GER"]
[SourceTitle "playchess.com"]
[Source "ChessBase"]
[SourceQuality "1"]
[TimeControl "40/5400+30:1800+30"]

1. e4 e5 2. Nf3 Nc6 3. Bc4 Bc5 4. d3 Nf6 5. Bg5 Be7 6. Nc3 d6 7. a4 h6 8. Bxf6 Bxf6 9. Nd5 Be6 10. a5 a6 11. O-O g5 12. Nd2 Bg7 13. Qh5 O-O 14. Nf3 Ne7 15. Ne3 d5 16. exd5 Nxd5 17. Bxd5 Bxd5 18. h4 f6 19. hxg5 hxg5 20. Nxd5 Qxd5 21. Ra4 b5 22. Rg4 Qf7 23. Qh3 Rad8 24. b3 Rd6 25. Nd2 Rfd8 26. Qf3 Qd7 27. Rg3 Rc6 28. Ne4 g4 29. Rxg4 f5 30. Rxg7+ Kxg7 31. Qg3+ Kf8 32. Qxe5 fxe4 33. Qh8+ Kf7 34. Qh7+ Kf6 35. Qh6+ Kf7 36. Qh7+ Kf8 37. Qh8+ Ke7 38. Qg7+ Ke6 39. Qg6+ Ke7 40. Qg7+ Ke8 41. Qg8+ Ke7 42. Qg7+ 1/2-1/2

[Event "Frauenbundesliga 2024-25"]
[Site "Germany"]
[Date "2025.02.16"]
[Round "6.2"]
[White "Roessler, Ulrike"]
[Black "Narva, Mai"]
[Result "0-1"]
[Annotator "ChessBase"]
[ECO "B43"]
[WhiteElo "2021"]
[BlackElo "2384"]
[PlyCount "108"]
[EventDate "2024.11.06"]
[EventType "team-tourn"]
[EventCountry "GER"]
[SourceTitle "playchess.com"]
[Source "ChessBase"]
[SourceQuality "1"]
[TimeControl "40/5400+30:1800+30"]

1. e4 c5 2. Nf3 e6 3. d4 cxd4 4. Nxd4 a6 5. Nc3 b5 6. a3 Bb7 7. Be3 Qc7 8. Be2 Nf6 9. Bf3 Nc6 10. Nxc6 Bxc6 11. Qd4 Bd6 12. O-O-O Be5 13. Qc5 d6 14. Qb6 Qxb6 15. Bxb6 a5 16. Rhe1 b4 17. Nb1 g5 18. g3 h5 19. Bd4 g4 20. Bg2 h4 21. Bxe5 dxe5 22. Rd6 Rc8 23. axb4 axb4 24. Nd2 hxg3 25. hxg3 Rh2 26. Rg1 Nd7 27. f4 gxf3 28. Nxf3 Rh8 29. Rd2 Ke7 30. Rf2 Rcg8 31. Bf1 Bxe4 32. Bb5 Bxf3 33. Rxf3 Nc5 34. Re3 f6 35. g4 Ra8 36. Kb1 Ra5 37. Bc6 Rc8 38. Bg2 Rc7 39. Rh1 Rca7 40. Rh7+ Kd6 41. Rxa7 Rxa7 42. Rh3 Rg7 43. Bf3 e4 44. Be2 f5 45. gxf5 Rg1+ 46. Ka2 exf5 47. c3 bxc3 48. Rxc3 Rg2 49. Bb5 f4 50. Kb1 e3 51. b4 Ne4 52. Rc8 f3 53. Rd8+ Kc7 54. Rf8 e2 0-1

[Event "Frauenbundesliga 2024-25"]
[Site "Germany"]
[Date "2025.02.16"]
[Round "6.3"]
[White "Zatonskih, Anna"]
[Black "Peglau, Dora"]
[Result "1-0"]
[Annotator "ChessBase"]
[ECO "E51"]
[WhiteElo "2302"]
[BlackElo "2134"]
[PlyCount "97"]
[EventDate "2024.11.06"]
[EventType "team-tourn"]
[EventCountry "GER"]
[SourceTitle "playchess.com"]
[Source "ChessBase"]
[SourceQuality "1"]
[TimeControl "40/5400+30:1800+30"]

1. d4 Nf6 2. c4 e6 3. Nc3 Bb4 4. Bd2 d5 5. e3 O-O 6. Nf3 a6 7. a3 Be7 8. b4 b6 9. c5 a5 10. Bd3 bxc5 11. bxc5 Ba6 12. Bxa6 Rxa6 13. O-O Nbd7 14. Qe2 Ra7 15. Rab1 c6 16. e4 dxe4 17. Nxe4 Qc7 18. Nxf6+ Nxf6 19. Ne5 Nd5 20. Qe4 a4 21. Rb2 Rb7 22. Ba5 Qc8 23. Bb6 Bd8 24. Nc4 Qa8 25. Qc2 Bf6 26. Rd1 h6 27. Ne3 Rd7 28. Nxd5 Rxd5 29. Rb4 Qb8 30. g3 e5 31. Qxa4 Rxd4 32. Rbxd4 exd4 33. Qxc6 Qe5 34. Kg2 Qe2 35. Qf3 Qb5 36. Re1 Rc8 37. h4 Qb2 38. Qd3 Ra8 39. a4 g6 40. a5 Kg7 41. c6 Qb4 42. Rc1 Qd6 43. c7 Rc8 44. Qe4 d3 45. Rd1 d2 46. Qc2 Qd5+ 47. Kg1 Qf3 48. Qxd2 Bxh4 49. Qd3 1-0

[Event "Frauenbundesliga 2024-25"]
[Site "Germany"]
[Date "2025.02.16"]
[Round "6.3"]
[White "Koepke, Elena"]
[Black "Sieber, Fiona"]
[Result "1/2-1/2"]
[Annotator "ChessBase"]
[ECO "C47"]
[WhiteElo "2224"]
[BlackElo "2274"]
[PlyCount "118"]
[EventDate "2024.11.06"]
[EventType "team-tourn"]
[EventCountry "GER"]
[SourceTitle "playchess.com"]
[Source "ChessBase"]
[SourceQuality "1"]
[TimeControl "40/5400+30:1800+30"]

1. e4 e5 2. Nf3 Nc6 3. Nc3 Nf6 4. d4 exd4 5. Nxd4 Bb4 6. Nxc6 bxc6 7. Bd3 d5 8. Bd2 O-O 9. O-O Rb8 10. Re1 Re8 11. a3 Be7 12. b4 Bg4 13. Qc1 Qc8 14. e5 Nd7 15. h3 Be6 16. f4 Nb6 17. Rf1 Bf5 18. Be3 a5 19. bxa5 Bxd3 20. cxd3 Nd7 21. Ne2 Qa6 22. Qc3 Rb5 23. Rfb1 Rxa5 24. Rb3 Ra4 25. Qb2 Ra8 26. Bc1 Bf8 27. Qc2 Qa7+ 28. Kh2 Qf2 29. d4 Rc4 30. Qd1 Qh4 31. Rf3 Qd8 32. a4 c5 33. a5 Ra6 34. Rb3 cxd4 35. Nxd4 Nc5 36. Rbb1 Ne4 37. Qd3 c5 38. Ne2 Qa8 39. Rb5 g6 40. Rab1 Qc6 41. Rb8 Rb4 42. R1xb4 cxb4 43. f5 Ra8 44. Qb5 Qxb5 45. Rxb5 gxf5 46. Rxd5 Nc3 47. Nxc3 bxc3 48. Rb5 Kg7 49. Kg3 Be7 50. Kf4 Bd8 51. Kxf5 Rxa5 52. Rxa5 Bxa5 53. g4 Bb6 54. Ke4 Bf2 55. Bf4 Kg6 56. Kd3 Be1 57. Ke2 Bh4 58. Kd3 Be1 59. Ke2 Bh4 1/2-1/2

[Event "Frauenbundesliga 2024-25"]
[Site "Germany"]
[Date "2025.02.16"]
[Round "6.4"]
[White "Movsesian, Julia"]
[Black "Dwilewicz, Katarzyna"]
[Result "1/2-1/2"]
[Annotator "ChessBase"]
[ECO "B47"]
[WhiteElo "2216"]
[BlackElo "2190"]
[PlyCount "75"]
[EventDate "2024.11.06"]
[EventType "team-tourn"]
[EventCountry "GER"]
[SourceTitle "playchess.com"]
[Source "ChessBase"]
[SourceQuality "1"]
[TimeControl "40/5400+30:1800+30"]

1. e4 c5 2. Nf3 e6 3. d4 cxd4 4. Nxd4 Nc6 5. Nc3 Qc7 6. g3 a6 7. Bg2 h5 8. O-O h4 9. Re1 d6 10. a4 Bd7 11. Bg5 hxg3 12. hxg3 Nf6 13. Nxc6 bxc6 14. Qf3 Be7 15. Rad1 e5 16. Qd3 a5 17. Nb1 Rh5 18. Bxf6 gxf6 19. Nd2 f5 20. Nc4 fxe4 21. Nxd6+ Bxd6 22. Qxd6 Qxd6 23. Rxd6 f5 24. Red1 Rh7 25. Bh3 Ra7 26. Kg2 Rg7 27. Rh6 f4 28. Re1 e3 29. Bxd7+ Raxd7 30. Re6+ Rde7 31. Rxe7+ Kxe7 32. fxe3 Rxg3+ 33. Kf2 Kd6 34. exf4 exf4 35. Rh1 Rg5 36. Rh6+ Kc5 37. Rf6 Rd5 38. Ke2 1/2-1/2

[Event "Frauenbundesliga 2024-25"]
[Site "Germany"]
[Date "2025.02.16"]
[Round "6.4"]
[White "Braeutigam, Katerina"]
[Black "Kachiani-Gersinska, Ketino"]
[Result "1-0"]
[Annotator "ChessBase"]
[ECO "C78"]
[WhiteElo "1981"]
[BlackElo "2310"]
[PlyCount "141"]
[EventDate "2024.11.06"]
[EventType "team-tourn"]
[EventCountry "GER"]
[SourceTitle "playchess.com"]
[Source "ChessBase"]
[SourceQuality "1"]
[TimeControl "40/5400+30:1800+30"]

1. e4 e5 2. Nf3 Nc6 3. Bb5 a6 4. Ba4 Nf6 5. d3 b5 6. Bb3 Bb7 7. O-O h6 8. c3 Be7 9. Re1 d6 10. Nbd2 Nd7 11. d4 Bf6 12. d5 Ne7 13. a4 c6 14. dxc6 Bxc6 15. c4 Nc5 16. axb5 axb5 17. Rxa8 Qxa8 18. cxb5 Bxe4 19. Nxe4 Nxe4 20. Bc2 d5 21. Bxe4 dxe4 22. Nd2 O-O 23. Nxe4 Bh4 24. g3 f5 25. Nc5 Ng6 26. Qb3+ Kh7 27. Nd7 Re8 28. b6 Qb7 29. Qb5 Re6 30. Nxe5 Rxb6 31. Qd3 Bf6 32. Qxf5 Bxe5 33. Rxe5 Rc6 34. Re1 Qb4 35. Rd1 Qb3 36. Rf1 Rf6 37. Qe4 Re6 38. Qf5 Rf6 39. Qc5 Nh4 40. f4 Nf5 41. Qc3 Qb6+ 42. Kh1 Re6 43. Qd3 Qc6+ 44. Kg1 Qc5+ 45. Kg2 Rd6 46. Qe4 Kh8 47. g4 Rg6 48. Kh3 Ne7 49. Re1 h5 50. g5 Qc8+ 51. Kg2 Qg4+ 52. Kh1 Nf5 53. Rg1 Qh3 54. Bd2 h4 55. Be1 Re6 56. Qa8+ Kh7 57. g6+ Rxg6 58. Rxg6 Kxg6 59. Qg2+ Qxg2+ 60. Kxg2 Kf6 61. Bc3+ Ke6 62. Kh3 Kd5 63. Kg4 Ke4 64. h3 Ne3+ 65. Kxh4 Ng2+ 66. Kg4 Nxf4 67. Bxg7 Nd5 68. h4 Ne3+ 69. Kg5 Kd5 70. Kf6 Ng4+ 71. Kf7 1-0

[Event "Frauenbundesliga 2024-25"]
[Site "Germany"]
[Date "2025.02.16"]
[Round "6.5"]
[White "Heinemann, Josefine"]
[Black "Just, Anita"]
[Result "1-0"]
[Annotator "ChessBase"]
[ECO "C02"]
[WhiteElo "2294"]
[BlackElo "1906"]
[PlyCount "83"]
[EventDate "2024.11.06"]
[EventType "team-tourn"]
[EventCountry "GER"]
[SourceTitle "playchess.com"]
[Source "ChessBase"]
[SourceQuality "1"]
[TimeControl "40/5400+30:1800+30"]

1. e4 e6 2. d4 d5 3. e5 c5 4. c3 Qb6 5. Nf3 Bd7 6. Be2 Bb5 7. dxc5 Bxc5 8. b4 Bxf2+ 9. Kf1 Bc6 10. a4 a5 11. b5 Bd7 12. Nd4 Bh4 13. Bd3 h5 14. Qf3 Qc7 15. Qe2 Bc8 16. g3 Be7 17. h4 Nd7 18. Bf4 Nb6 19. Kg2 Bd7 20. Rc1 Nc4 21. Nd2 Nxd2 22. Qxd2 Bc5 23. Nb3 Ne7 24. Nxc5 Qxc5 25. Be3 Qc7 26. Bd4 Nf5 27. Qf4 Rc8 28. Rf1 Qd8 29. Rae1 O-O 30. Qf3 Nxd4 31. cxd4 g6 32. Qf4 Kg7 33. Re3 Qe7 34. Ref3 b6 35. Qd2 Rc7 36. Bxg6 fxg6 37. Rxf8 Be8 38. Kh3 Rc4 39. Qg5 Qxg5 40. hxg5 Rc8 41. R1f7+ Bxf7 42. Rxc8 1-0

[Event "Frauenbundesliga 2024-25"]
[Site "Germany"]
[Date "2025.02.16"]
[Round "6.5"]
[White "Valkova, Angelika"]
[Black "Schoene, Maria"]
[Result "1-0"]
[Annotator "ChessBase"]
[ECO "E71"]
[WhiteElo "2003"]
[BlackElo "2178"]
[PlyCount "33"]
[EventDate "2024.11.06"]
[EventType "team-tourn"]
[EventCountry "GER"]
[SourceTitle "playchess.com"]
[Source "ChessBase"]
[SourceQuality "1"]
[TimeControl "40/5400+30:1800+30"]

1. d4 Nf6 2. c4 g6 3. Nc3 Bg7 4. e4 d6 5. h3 O-O 6. Be3 e5 7. d5 a5 8. g4 Na6 9. Nge2 Nc5 10. Ng3 Bd7 11. Qd2 c6 12. f3 cxd5 13. cxd5 a4 14. h4 Qa5 15. h5 a3 16. Rb1 Rac8 17. b4 1-0

[Event "Frauenbundesliga 2024-25"]
[Site "Germany"]
[Date "2025.02.16"]
[Round "6.6"]
[White "Kanakova, Natalie"]
[Black "Lukas, Olivia"]
[Result "1-0"]
[Annotator "ChessBase"]
[ECO "A36"]
[WhiteElo "2162"]
[BlackElo "1444"]
[PlyCount "51"]
[EventDate "2024.11.06"]
[EventType "team-tourn"]
[EventCountry "GER"]
[SourceTitle "playchess.com"]
[Source "ChessBase"]
[SourceQuality "1"]
[TimeControl "40/5400+30:1800+30"]

1. c4 c5 2. Nc3 Nc6 3. g3 g6 4. Bg2 Bg7 5. e4 e6 6. Nge2 Nge7 7. d3 O-O 8. Be3 Nd4 9. O-O Nec6 10. Rb1 d6 11. Qd2 Re8 12. Kh1 e5 13. f4 Bg4 14. Ng1 Be6 15. Nf3 f6 16. b3 a6 17. Nh4 Qd7 18. Nd5 Rab8 19. fxe5 fxe5 20. Bg5 Rf8 21. Nf6+ Bxf6 22. Bxf6 Bg4 23. Qh6 Bh5 24. g4 Rxf6 25. Rxf6 Qxg4 26. Rbf1 1-0

[Event "Frauenbundesliga 2024-25"]
[Site "Germany"]
[Date "2025.02.16"]
[Round "6.6"]
[White "Peglau, Sarah"]
[Black "Tammert, Iamze"]
[Result "0-1"]
[Annotator "ChessBase"]
[ECO "E18"]
[WhiteElo "1878"]
[BlackElo "2228"]
[PlyCount "98"]
[EventDate "2024.11.06"]
[EventType "team-tourn"]
[EventCountry "GER"]
[SourceTitle "playchess.com"]
[Source "ChessBase"]
[SourceQuality "1"]
[TimeControl "40/5400+30:1800+30"]

1. d4 Nf6 2. c4 e6 3. Nf3 b6 4. g3 Bb7 5. Bg2 Be7 6. Nc3 d5 7. cxd5 Nxd5 8. Nxd5 Bxd5 9. O-O Nd7 10. Bf4 O-O 11. Rc1 c5 12. a3 Bf6 13. Qd2 cxd4 14. Nxd4 Bxg2 15. Kxg2 Nc5 16. Be3 Qd5+ 17. Nf3 Qxd2 18. Nxd2 Bxb2 19. Bxc5 Bxc1 20. Bxf8 Bxd2 21. Be7 Re8 22. Rd1 Rxe7 23. Rxd2 g6 24. Kf3 Rc7 25. Rd3 Kg7 26. g4 Kf6 27. h4 h5 28. g5+ Ke7 29. Kg3 Rc4 30. f4 b5 31. Kf3 a5 32. e3 b4 33. Ke2 a4 34. axb4 Rxb4 35. Kf3 e5 36. Rd5 e4+ 37. Kg3 a3 38. Ra5 Rb3 39. Re5+ Kd6 40. Rxe4 Kc5 41. f5 Rb4 42. fxg6 fxg6 43. Re8 Ra4 44. Rc8+ Kd5 45. Rd8+ Ke4 46. Re8+ Kd3 47. e4 a2 48. Rd8+ Ke2 49. e5 a1=Q 0-1

[Event "Frauenbundesliga 2024-25"]
[Site "Germany"]
[Date "2025.02.16"]
[Round "6.7"]
[White "Batsiashvili, Nino"]
[Black "Maltsevskaya, Aleksandra"]
[Result "1/2-1/2"]
[Annotator "ChessBase"]
[ECO "D58"]
[WhiteElo "2470"]
[BlackElo "2371"]
[PlyCount "50"]
[EventDate "2024.11.06"]
[EventType "team-tourn"]
[EventCountry "GER"]
[SourceTitle "playchess.com"]
[Source "ChessBase"]
[SourceQuality "1"]
[TimeControl "40/5400+30:1800+30"]

1. d4 d5 2. c4 e6 3. Nc3 Nf6 4. Bg5 Be7 5. e3 h6 6. Bh4 O-O 7. Nf3 b6 8. Bxf6 Bxf6 9. cxd5 exd5 10. Be2 c5 11. dxc5 Bxc3+ 12. bxc3 bxc5 13. O-O Be6 14. c4 dxc4 15. Ne5 Nd7 16. Nxd7 Qxd7 17. Qxd7 Bxd7 18. Bxc4 Rab8 19. Rfc1 Rfc8 20. Rc3 Kf8 21. Rac1 Ke7 22. h3 Rb6 23. Bb3 Rb5 24. Kf1 Ra5 25. Ke1 Be6 1/2-1/2

[Event "Frauenbundesliga 2024-25"]
[Site "Germany"]
[Date "2025.02.16"]
[Round "6.7"]
[White "Butenandt, Svenja"]
[Black "Rogule, Laura"]
[Result "0-1"]
[Annotator "ChessBase"]
[ECO "D36"]
[WhiteElo "2147"]
[BlackElo "2239"]
[PlyCount "114"]
[EventDate "2024.11.06"]
[EventType "team-tourn"]
[EventCountry "GER"]
[SourceTitle "playchess.com"]
[Source "ChessBase"]
[SourceQuality "1"]
[TimeControl "40/5400+30:1800+30"]

1. d4 d5 2. c4 e6 3. Nc3 Nf6 4. cxd5 exd5 5. Bg5 Be7 6. e3 c6 7. Bd3 Nbd7 8. Nge2 Nh5 9. Bxe7 Qxe7 10. Qc2 g6 11. O-O O-O 12. Rae1 Ndf6 13. Nc1 Bd7 14. f3 Rac8 15. Qf2 b6 16. Qh4 Qd6 17. Bb1 Ng7 18. Nb3 Nfh5 19. e4 Be6 20. e5 Qd8 21. Qxd8 Rfxd8 22. Ne2 Ne8 23. g4 Nhg7 24. Rc1 a5 25. Nc3 Bd7 26. h3 h5 27. Kh2 Ra8 28. a4 Nc7 29. Kg3 g5 30. h4 gxh4+ 31. Kxh4 hxg4 32. fxg4 Nge6 33. Rf6 c5 34. dxc5 bxc5 35. g5 Rab8 36. Nxa5 Rb4+ 37. Kg3 Ra8 38. g6 Rxa5 39. Rh1 Ng5 40. Rd6 Be8 41. Rd8 Kg7 42. Rh5 Ne4+ 43. Bxe4 dxe4 44. gxf7 Bxf7 45. Rd7 Kg6 46. Rh4 Ne6 47. Rg4+ Ng5 48. Rxg5+ Kxg5 49. Rxf7 Ra6 50. Rf4 e3 51. Ne4+ Kg6 52. Nxc5 e2 53. Nd3 Rb3 54. Rg4+ Kf7 55. Rf4+ Ke7 56. Kf2 Rxd3 57. Kxe2 Rb3 0-1

[Event "Frauenbundesliga 2024-25"]
[Site "Germany"]
[Date "2025.02.16"]
[Round "6.8"]
[White "Kiolbasa, Oliwia"]
[Black "Javakhishvili, Lela"]
[Result "1/2-1/2"]
[Annotator "ChessBase"]
[ECO "C55"]
[WhiteElo "2361"]
[BlackElo "2426"]
[PlyCount "64"]
[EventDate "2024.11.06"]
[EventType "team-tourn"]
[EventCountry "GER"]
[SourceTitle "playchess.com"]
[Source "ChessBase"]
[SourceQuality "1"]
[TimeControl "40/5400+30:1800+30"]

1. e4 e5 2. Nf3 Nc6 3. Bc4 Nf6 4. d3 h6 5. c3 d6 6. a4 g6 7. Qb3 Qe7 8. a5 Bg7 9. O-O O-O 10. Re1 g5 11. Qd1 Be6 12. Bxe6 fxe6 13. a6 b6 14. b4 Qf7 15. Ra2 Nh5 16. h4 gxh4 17. Nxh4 Kh7 18. g3 Bf6 19. Ng2 Rg8 20. Nd2 Rg7 21. Nf1 Rag8 22. b5 Nd8 23. d4 Qg6 24. d5 exd5 25. exd5 Nf7 26. Ra4 Bg5 27. Nh4 Bxh4 28. Rxh4 Nf6 29. Kg2 Kh8 30. Ne3 Rh7 31. Reh1 h5 32. c4 Ng5 1/2-1/2

[Event "Frauenbundesliga 2024-25"]
[Site "Germany"]
[Date "2025.02.16"]
[Round "6.8"]
[White "Berzina, Ilze"]
[Black "Gueci, Tea"]
[Result "1/2-1/2"]
[Annotator "ChessBase"]
[ECO "B31"]
[WhiteElo "2197"]
[BlackElo "2198"]
[PlyCount "41"]
[EventDate "2024.11.06"]
[EventType "team-tourn"]
[EventCountry "GER"]
[SourceTitle "playchess.com"]
[Source "ChessBase"]
[SourceQuality "1"]
[TimeControl "40/5400+30:1800+30"]

1. e4 c5 2. Nf3 Nc6 3. Bb5 g6 4. O-O Bg7 5. c3 Nf6 6. Re1 O-O 7. d4 d5 8. e5 Ne4 9. Nbd2 cxd4 10. cxd4 Qb6 11. Bxc6 Qxc6 12. Nf1 f6 13. exf6 exf6 14. Bf4 g5 15. Be3 Bg4 16. Qb3 Rac8 17. Rac1 Qd7 18. N3d2 Be6 19. f3 Nd6 20. Bf2 Bf7 21. Ne3 1/2-1/2

[Event "Frauenbundesliga 2024-25"]
[Site "Germany"]
[Date "2025.02.16"]
[Round "6.9"]
[White "Khotenashvili, Bella"]
[Black "Schneider, Jana"]
[Result "1/2-1/2"]
[Annotator "ChessBase"]
[ECO "A25"]
[WhiteElo "2419"]
[BlackElo "2259"]
[PlyCount "125"]
[EventDate "2024.11.06"]
[EventType "team-tourn"]
[EventCountry "GER"]
[SourceTitle "playchess.com"]
[Source "ChessBase"]
[SourceQuality "1"]
[TimeControl "40/5400+30:1800+30"]

1. c4 e5 2. g3 Nc6 3. Bg2 Bc5 4. Nc3 a6 5. e3 d6 6. Nge2 Ba7 7. Nd5 Nce7 8. d4 c6 9. Ndc3 Nf6 10. dxe5 dxe5 11. Qxd8+ Kxd8 12. b3 Bc5 13. Bb2 Kc7 14. O-O-O Ng6 15. Na4 Be7 16. c5 Bg4 17. f3 Be6 18. e4 Nd7 19. h4 h5 20. Ba3 Rhd8 21. Nec3 Ndf8 22. Rxd8 Rxd8 23. Bb4 Kb8 24. Ba5 Re8 25. Rd1 Nd7 26. b4 Bd8 27. Nb6 Nxb6 28. Bxb6 Bxb6 29. cxb6 Kc8 30. Bf1 Rd8 31. Rxd8+ Kxd8 32. Na4 Nf8 33. Nc5 Bc8 34. Bc4 Ke7 35. Kd2 f6 36. Ke3 g5 37. Kf2 Ng6 38. hxg5 fxg5 39. Bxa6 bxa6 40. b7 Bxb7 41. Nxb7 Kd7 42. Nc5+ Kc7 43. Nxa6+ Kb6 44. Nc5 Kb5 45. a3 Kc4 46. Ke3 Kc3 47. Ne6 Kb3 48. Nxg5 h4 49. f4 hxg3 50. f5 Nf8 51. Nf7 Nd7 52. Nd8 Kxa3 53. Nxc6 Ka4 54. Kf3 Kb5 55. Ne7 Nf6 56. Nd5 g2 57. Kxg2 Nxe4 58. Kf3 Nd6 59. f6 Kc4 60. Ne7 Kxb4 61. Nc6+ Kc5 62. Nxe5 Kd5 63. Kf4 1/2-1/2

[Event "Frauenbundesliga 2024-25"]
[Site "Germany"]
[Date "2025.02.16"]
[Round "6.9"]
[White "Khrapko, Marharyta"]
[Black "Endress, Anna"]
[Result "1/2-1/2"]
[Annotator "NA"]
[ECO "E06"]
[WhiteElo "2126"]
[BlackElo "2092"]
[PlyCount "68"]
[EventDate "2024.11.06"]
[EventType "team-tourn"]
[EventCountry "GER"]
[SourceTitle "playchess.com"]
[Source "ChessBase"]
[SourceQuality "1"]
[TimeControl "40/5400+30:1800+30"]

1. c4 e6 2. g3 Nf6 3. Bg2 d5 4. Nf3 Be7 5. O-O c5 6. cxd5 Nxd5 7. d4 Nc6 8. dxc5 Bxc5 9. e4 Ndb4 10. a3 Qxd1 11. Rxd1 Nc2 12. Ra2 N2d4 13. b4 Bb6 14. Nxd4 Nxd4 15. e5 Ke7 16. Nc3 Rd8 17. Rad2 h6 18. a4 Nc6 19. a5 Rxd2 20. Rxd2 Bc7 21. f4 Nxb4 22. Ba3 Bxa5 23. Kf1 Ke8 24. Nb5 Nd5 25. Nd6+ Kd7 26. Rd3 b6 27. Kf2 Ba6 28. Rd1 b5 29. Bc5 Bb6 30. Bxb6 axb6 31. f5 Ke7 32. Rc1 Ra7 33. Ra1 Ra8 34. Rc1 Ra7 1/2-1/2

[Event "Frauenbundesliga 2024-25"]
[Site "Germany"]
[Date "2025.02.16"]
[Round "6.10"]
[White "Kulon, Klaudia"]
[Black "Bulmaga, Irina"]
[Result "1/2-1/2"]
[Annotator "ChessBase"]
[ECO "C47"]
[WhiteElo "2393"]
[BlackElo "2386"]
[PlyCount "89"]
[EventDate "2024.11.06"]
[EventType "team-tourn"]
[EventCountry "GER"]
[SourceTitle "playchess.com"]
[Source "ChessBase"]
[SourceQuality "1"]
[TimeControl "40/5400+30:1800+30"]

1. e4 e5 2. Nf3 Nc6 3. Nc3 Nf6 4. d4 exd4 5. Nxd4 Bb4 6. Nxc6 bxc6 7. Bd3 d5 8. exd5 cxd5 9. O-O O-O 10. Bg5 c6 11. Qf3 h6 12. Bxf6 Qxf6 13. Qxf6 gxf6 14. Ne2 Rb8 15. Rab1 Bd6 16. Rfd1 Be6 17. c3 c5 18. b3 Rb6 19. h3 f5 20. f4 Re8 21. Kf1 Bc8 22. g3 Kg7 23. a4 Be6 24. Bc2 Kf6 25. Ng1 Rg8 26. Kf2 d4 27. c4 Bd7 28. Nf3 Rbb8 29. Re1 Rge8 30. Rxe8 Rxe8 31. Re1 Rxe1 32. Kxe1 Bc6 33. Ke2 Be4 34. Bd3 Ke6 35. Nd2 Bg2 36. h4 Bc6 37. Bc2 Be7 38. Bd3 Bd8 39. Bc2 Ba5 40. Nf3 Be4 41. Bd3 Bc3 42. h5 Ba5 43. Nh2 Bc7 44. Nf3 Ba5 45. Nh2 1/2-1/2

[Event "Frauenbundesliga 2024-25"]
[Site "Germany"]
[Date "2025.02.16"]
[Round "6.10"]
[White "Otikova, Elina"]
[Black "Giss, Helene"]
[Result "1/2-1/2"]
[Annotator "NA"]
[ECO "C10"]
[WhiteElo "2092"]
[BlackElo "2040"]
[PlyCount "60"]
[EventDate "2024.11.06"]
[EventType "team-tourn"]
[EventCountry "GER"]
[SourceTitle "playchess.com"]
[Source "ChessBase"]
[SourceQuality "1"]
[TimeControl "40/5400+30:1800+30"]

1. e4 e6 2. d4 d5 3. Nd2 dxe4 4. Nxe4 Nd7 5. Bd3 Ngf6 6. Qe2 Nxe4 7. Bxe4 Nf6 8. Bxb7 Bxb7 9. Qb5+ Qd7 10. Qxb7 Rd8 11. Nf3 Bd6 12. O-O O-O 13. Ne5 Qa4 14. Nc6 Qc4 15. Be3 Ra8 16. Ne5 Qxc2 17. Rfc1 Qf5 18. Qf3 Qxf3 19. Nxf3 Nd5 20. Bd2 a5 21. Ne5 Bxe5 22. dxe5 Rfb8 23. Rab1 Kf8 24. a4 Ra6 25. g3 Ke7 26. Rc5 Rba8 27. Rb5 Kd7 28. Rc1 Nb6 29. Rbc5 Nd5 30. Rb5 Nb6 1/2-1/2

[Event "Frauenbundesliga 2024-25"]
[Site "Germany"]
[Date "2025.02.16"]
[Round "6.11"]
[White "Atalik, Ekaterina"]
[Black "Cyfka, Karina"]
[Result "0-1"]
[Annotator "ChessBase"]
[ECO "E26"]
[WhiteElo "2385"]
[BlackElo "2366"]
[PlyCount "50"]
[EventDate "2024.11.06"]
[EventType "team-tourn"]
[EventCountry "GER"]
[SourceTitle "playchess.com"]
[Source "ChessBase"]
[SourceQuality "1"]
[TimeControl "40/5400+30:1800+30"]

1. d4 Nf6 2. c4 e6 3. Nc3 Bb4 4. a3 Bxc3+ 5. bxc3 c5 6. e3 b6 7. Bd3 Bb7 8. Nf3 d6 9. O-O Nbd7 10. Nd2 Qe7 11. a4 e5 12. a5 O-O 13. Re1 Rfe8 14. d5 e4 15. Bc2 bxa5 16. Nb3 Ne5 17. Nxa5 Nfg4 18. h3 Qh4 19. Qe2 Bc8 20. Nc6 Nxc6 21. dxc6 Ne5 22. Rd1 Bxh3 23. Bxe4 Qxe4 24. f3 Qg6 25. c7 a5 0-1